Unix NetHack Version 5.0.0-0 post-release - last build Jun 10 2026 00:39:30 (3ee93aec679c4c4259841fe613dc97188e26a321,branch:main).

Game began 2026-07-09 01:22:06, ended 2026-07-09 16:10:06.

Fletchius, lawful male dwarven Archeologist

                        --------------------------------
                        |..........................%...|
                        |.-+------    ---------..-----.|
                        |.|  |(/m|    |*!|    |..|   +.|
                        |.|  |/!@|    |*)|    |..|   |.|
                        |.|  |@..| +  |..|--+--.-----|.|
                        |.|----|--.-----|-......|....|..
                        |.|..-.(...........-+--.|.%..|.|
                        |.|..|@Y.....{..-|--  |%|..!.|.|
                        |.----....-|---.|.. !!|.%.*..|.|
                        |.........|.. |.|..| !|.-----|.|
                        |.-|------|.. |.-------..-!((|.|
                        |.|..  |..|...|..........|   |.|
                        |.|....|..| ..|..........| ! |.|
                        |.------|-----...........-----.|
                        |..............................|
                        --------------------------------

Fletchius the Field Worker  St:14 Dx:11 Co:13 In:14 Wi:16 Ch:8  Lawful
Dlvl:6  $:1833 HP:29(29) Pw:9(9) AC:10 Xp:3 T:1843 

Latest messages:
 You hit the gray ooze.
 You miss the gray ooze.
 You miss the gray ooze.
 You miss the gray ooze.
 You hit the gray ooze.
 Aaphid's ghost wakes up!
 You miss the gray ooze.
 Aaphid's ghost touches you!
 There is an open door here.
 You see here a monkey corpse.
 You see here a gnome corpse.
 You hit the monkey.
 The monkey hits!
 The monkey takes off your uncursed +0 leather jacket.
 The monkey stole an uncursed +0 leather jacket.
 The monkey tries to run away with your leather jacket.
 You hit the monkey.
 "Hello, Fletchius!  Welcome to Angmagssalik's general store!"
 "Will you please leave your pick-axe outside?"
 You start digging.
 You hit the rock with all your might.
 You make an opening in the wall.
 What do you want to eat? [dqr or ?*] ?
 Blecch!  Rotten food!
 You feel rather light headed.
 What do you want to read? [jv or ?*] ?
 As you read the scroll, it disappears.
 Being confused, you mispronounce the magic words...
 Your nose tingles and you smell something.
 (For instructions type a '?')
 Move cursor to food:
 Done.
 You feel less confused now.
 You swap places with the peaceful watchman.
 The door resists!
 The door opens.
 "Hello, Fletchius!  Welcome to Izchak's lighting store!"
 "Will you please leave your pick-axe outside?"
 What do you want to drop? [$d-gijmoqs or ?*] e
 You drop a corroded +0 pick-axe.
 "Hello, Fletchius!  Welcome again to Izchak's lighting store!"
 You see here 4 candles (for sale, 52 zorkmids).
 That lamp is a large mimic!
 You hear a door open.
 You cannot escape from the large mimic!
 You begin bashing monsters with your bare hands.
 You hit the large mimic.
 Really quit without saving? [yn] (n) y
 Izchak gratefully inherits all your possessions.
 Do you want to see what you had when you quit? [ynq] (y) q

Inventory:
 Coins    ('$')
  $ - 1833 gold pieces
 Armor    ('[')
  m - an uncursed rotted +0 pair of water walking boots (being worn)
 Comestibles  ('%')
  d - 6 uncursed food rations
  q - an uncursed tripe ration
 Scrolls  ('?')
  j - an uncursed scroll of confuse monster
 Wands    ('/')
  i - a wand of undead turning (0:3)
 Tools    ('(')
  s - an uncursed skeleton key
  f - a tinning kit (0:69)
  o - an uncursed towel
 Gems/Stones  ('*')
  g - an uncursed touchstone

Fletchius the Archeologist's attributes:

Background:
 You were a Field Worker, a level 3 male dwarven Archeologist.
 You were lawful, on a mission for Quetzalcoatl
 who was opposed by Camaxtli (neutral) and Huhetotl (chaotic).
 You were right-handed.
 You were in the Gnomish Mines, on level 6.
 You entered the dungeon 1843 turns ago.
 You had 47 experience points, 33 more were needed to attain level 4.

Basics:
 You had all 29 hit points.
 You had all 9 energy points (spell power).
 Your armor class was 10.
 Your wallet contained 1833 zorkmids.
 Autopickup was off.

Final Characteristics:
 Your strength was 14 (limit:18/100).
 Your dexterity was 11 (limit:20).
 Your constitution was 13 (limit:20).
 Your intelligence was 14 (limit:16).
 Your wisdom was 16 (limit:16).
 Your charisma was 8 (limit:16).

Final Status:
 You were held by a large mimic (north).
 You weren't hungry.
 You were unencumbered.
 You were bare handed.
 You were unskilled in bare handed combat.

Final Attributes:
 You were devoutly aligned.
 You saw invisible.
 You had automatic searching.
 You had infravision.
 You could walk on water.
 You survived.

Miscellaneous:
 You encountered 1 bones level.
 Total elapsed playing time was 42 minutes and 25 seconds.

Major events:
 Turn
    1: Fletchius the lawful male dwarven Archeologist entered the dungeon
 1201: entered the Gnomish Mines
 1555: attained the rank of Field Worker (level 3)
 1625: reached Mine Town
 1843: quit

You didn't know any spells.

Skills:
 Fighting Skills
   bare handed combat [Unskilled]
   two weapon combat  [Unskilled]
   riding             [Unskilled]
 Weapon Skills
   dagger             [Unskilled]
   knife              [Unskilled]
   pick-axe           [Basic]
   short sword        [Unskilled]
   saber              [Unskilled]
   club               [Unskilled]
   quarterstaff       [Unskilled]
   sling              [Unskilled]
   dart               [Unskilled]
   boomerang          [Unskilled]
   whip               [Basic]
   unicorn horn       [Unskilled]
 Spellcasting Skills
   attack spells      [Unskilled]
   healing spells     [Unskilled]
   divination spells  [Unskilled]
   matter spells      [Unskilled]

Voluntary challenges:
 Character rerolling was not enabled.
 You never genocided any monsters.
 You never polymorphed an object.
 You never changed form.
 You used no wishes.
Achievements:
 You entered a shop.
 You entered the Gnomish Mines.
 You attained the rank of Field Worker.
 You entered Minetown.
 You entered a temple.

 The Dungeons of Doom: levels 1 to 3
    Level 1:
       A fountain, a sink.
    Level 2:
       A ring shop.
    Level 3:
       An altar, a fountain.
       Stairs down to The Gnomish Mines.
 The Gnomish Mines: levels 4 to 6
    Level 4:
    Level 5:
    Level 6: <- You were here.
       Some shops, a temple and an altar, a fountain.
       Final resting place for
          aaphid-Mon-Hum-Fem-Law, killed by a priestess of Huan Ti, while praying.


Vanquished creatures:
  a gnome leader
 an acid blob
  2 cave spiders
  2 yellow molds
  a red mold
  7 gnomes
  3 geckos
  6 jackals
  a fox
  a goblin
 11 grid bugs
  a bat
  5 lichens
  a kobold zombie
43 creatures vanquished.

No species were genocided or became extinct.

Goodbye Fletchius the Archeologist...

You quit in The Gnomish Mines on dungeon level 6 with 2281 points,
and 1833 pieces of gold, after 1843 moves.
You were level 3 with a maximum of 29 hit points when you quit.

